 Dungeon Crawl Stone Soup version 0.18-b1-23-gf76aad1 (webtiles) character file.

381 Bolverk the Insei (level 6, -1/39 HPs)
             Began as an Octopode Transmuter on May 4, 2016.
             Was an Initiate of Ashenzari.
             Killed by Freeze
             ... invoked by WingedEspeon's ghost
              (5 damage)
             ... on level 3 of the Dungeon.
             The game lasted 00:09:29 (3391 turns).

Bolverk the Insei (Octopode Transmuter)             Turns: 3391, Time: 00:09:29

Health: -1/39      AC:  1    Str: 10    XL:     6   Next: 75%
Magic:  10/10      EV: 12    Int: 20    God:    Ashenzari [......]
Gold:   180        SH:  4    Dex: 14    Spells: 3 memorised, 5 levels left

rFire  . . .     SeeInvis .       - Unarmed
rCold  . . .     Gourm    .     s - +0 buckler (curse)
rNeg   . . .     Faith    .     (helmet restricted)
rPois  .         Spirit   .     (no amulet)
rElec  .         Dismiss  .     j - +5 ring of intelligence
rCorr  .         Reflect  .     (no ring)
SustAt .         Harm     .     (no ring)
MR     .....                    (no ring)
Stlth  ++++......               (no ring)
                                (no ring)
                                (no ring)
                                (no ring)

@: not resistant to hostile enchantments, stealthy
A: almost no armour, amphibious, 8 rings, constrict 8, camouflage 1, gelatinous
body 1
a: Curse Item, Renounce Religion


You were on level 3 of the Dungeon.
You worshipped Ashenzari.
Ashenzari was noncommittal.
You were not hungry.

You visited 2 branches of the dungeon, and saw 5 of its levels.

You collected 180 gold pieces.

Inventory:

Hand Weapons
 d - a +0 hunting sling
Missiles
 a - 38 arrows
 k - 56 stones
 y - 2 tomahawks (quivered)
 A - 7 needles of paralysis
Armour
 s - a cursed +0 buckler (worn)
Jewellery
 j - a +5 ring of intelligence (left tentacle)
Scrolls
 o - a scroll of noise {unknown}
 p - a scroll of teleportation {unknown}
 q - a scroll of recharging {unknown}
 r - 2 scrolls of amnesia {unknown}
 u - a scroll of fear {unknown}
 w - a scroll of enchant weapon {unknown}
 x - a scroll of random uselessness {unknown}
Potions
 e - 2 potions of lignification
 g - a potion of cure mutation {unknown}
 h - a potion of degeneration {unknown}
 m - a potion of heal wounds {unknown}
 v - a potion of curing
 z - a potion of agility {unknown}
Books
 b - a book of Changes

   Spells                             Type                      Level
   a - Beastly Appendage              Transmutation                1
   b - Sticks to Snakes               Transmutation                2
   c - Spider Form                    Transmutation/Poison         3
   d - Ice Form                       Ice/Transmutation            4
   e - Blade Hands                    Transmutation                5
Comestibles
 c - 2 bread rations
 f - 2 chunks of flesh
 i - 2 slices of pizza
 l - a beef jerky
 n - 9 fruits
 t - 3 meat rations
 B - a royal jelly


   Skills:
 + Level 1.9 Fighting
 + Level 2.8 Dodging
 + Level 3.7 Stealth
 * Level 2.0 Shields
 + Level 4.0 Unarmed Combat
 + Level 3.0 Spellcasting
 + Level 2.9 Transmutations
 * Level 2.3 Poison Magic


You had 5 spell levels left.
You knew the following spells:

 Your Spells              Type           Power        Failure   Level  Hunger
a - Beastly Appendage     Trmt           ##....       8%          1    None
b - Sticks to Snakes      Trmt           ##......     10%         2    ##.....
c - Spider Form           Trmt/Pois      ##........   21%         3    ###....


Dungeon Overview and Level Annotations

Branches:
Dungeon (4/15)             Temple (1/1) D:4

Altars:
Ashenzari
Cheibriados
Dithmenos
Elyvilon
Fedhas
Gozag
Nemelex Xobeh
Qazlal
Ru
Sif Muna
Trog
Vehumet
Xom
Yredelemnul
Zin
The Shining One

Annotations:
D:3 WingedEspeon's ghost, amateur HEIE


Innate Abilities, Weirdness & Mutations

You cannot wear most types of armour.
You are amphibious.
You can wear up to eight rings at the same time.
You can use your tentacles to constrict eight enemies at once.
Your skin changes colour to match your surroundings (Stealth).
Your rubbery body absorbs attacks (AC +1).


Message History

WingedEspeon's ghost is lightly damaged!
WingedEspeon's ghost whispers, "The ORB doesn't exist!"
WingedEspeon's ghost closely misses you!
You completely miss WingedEspeon's ghost!
WingedEspeon's ghost is lightly damaged!
WingedEspeon's ghost hits you! * * * don't die
* * * You thrash WingedEspeon's ghost!
WingedEspeon's ghost is lightly damaged!
WingedEspeon's ghost barely misses you!
You barely miss WingedEspeon's ghost!
WingedEspeon's ghost is lightly damaged!
WingedEspeon's ghost hits you! * * * don't die
* * * You barely miss WingedEspeon's ghost!
You squeeze WingedEspeon's ghost, but do no damage!
WingedEspeon's ghost is lightly damaged!
WingedEspeon's ghost casts a spell at you!
You are frozen! rip

#.###..#.#>###....# #.
#..........# #.#### #.
######..>...###[# #.
...####.#...)...### ##
#................#
###.......####)# #........#
#.# #.......W####.#######
#...8...@...........#
#####..8.8..<......####.#
......8._.8..####..####.#####
#####..8.8...# #..##......[.
#...8...#####[.##.._#####
#..$....##.....##.#.#
#.#.#..........<..(#.#
#.##......##.###.####.# ...
#.#)##.## ###.## #.#


You could see WingedEspeon's ghost.

Vanquished Creatures
  A howler monkey (D:4)
  A crimson imp (D:4)
  An orc priest (D:3)
  A centaur skeleton (D:4)
  2 iguanas (D:4)
  An orc wizard (D:3)
  Ijyb (D:2)
  A worker ant (D:4)
  5 adders
  2 adder skeletons (D:4)
  A dart slug (D:1)
  4 worms
  2 giant geckos
  7 orcs
  5 giant cockroaches
  3 goblins
  A hobgoblin (D:1)
  4 jackals (D:2)
  A quokka (D:3)
  8 bats
  2 giant newts (D:3)
  A goblin skeleton (D:4)
  4 hobgoblin zombies (D:4)
  5 kobolds
  A kobold zombie (D:4)
  2 orc skeletons (D:4)
  5 rats
72 creatures vanquished.

Notes
Turn   | Place    | Note
--------------------------------------------------------------
     0 | D:1      | Bolverk the Octopode Transmuter began the quest for the Orb.
     0 | D:1      | Reached XP level 1. HP: 13/13 MP: 3/3
   122 | D:1      | Reached XP level 2. HP: 16/18 MP: 3/5
   129 | D:1      | Learned a level 2 spell: Sticks to Snakes
   590 | D:2      | Found a sacrificial altar of Ru.
   617 | D:2      | Reached XP level 3. HP: 23/23 MP: 4/6
   628 | D:2      | Learned a level 3 spell: Spider Form
  1151 | D:2      | Noticed Ijyb
  1159 | D:2      | Killed Ijyb
  1159 | D:2      | Reached XP level 4. HP: 18/28 MP: 4/7
  1408 | D:2      | Found a blossoming altar of Fedhas.
  1708 | D:3      | Noticed WingedEspeon's ghost (amateur HEIE)
  1772 | D:3      | Found a deep blue altar of Sif Muna.
  1801 | D:3      | Found a faded altar to an unknown god.
  1875 | D:4      | Reached skill level 1 in Poison Magic
  2117 | D:4      | Reached XP level 5. HP: 21/33 MP: 7/9
  2389 | D:4      | Reached skill level 1 in Shields
  2496 | D:4      | Found a glowing golden altar of the Shining One.
  2530 | D:4      | Reached XP level 6. HP: 21/39 MP: 10/10
  2726 | D:4      | Found a staircase to the Ecumenical Temple.
  2733 | D:4      | Reached skill level 4 in Unarmed Combat
  2746 | Temple   | Entered the Ecumenical Temple
  2832 | Temple   | Became a worshipper of Ashenzari the Shackled
  3391 | D:3      | Killed from afar by WingedEspeon's ghost

Skill      XL: |  1  2  3  4  5  6 |
---------------+-------------------+-----
Stealth        | 2 3 |  3.7
Poison Magic   | 1 2 |  2.3
Shields        | 1 2 |  2.0
Unarmed Combat | 4 |  4.0
Spellcasting   | 3 |  3.0
Fighting       | |  1.9
Dodging        | |  2.8
Transmutations | |  2.9

Action                   |  1- 3 |  4- 6 || total
-------------------------+-------+-------++-------
Melee: Unarmed           |    48 |   152 ||   200
       Constrict         |    17 |    30 ||    47
       Tentacles         |    10 |    21 ||    31
       Kick              |    11 |    22 ||    33
       Punch             |     1 |     5 ||     6
       Dagger            |     1 |       ||     1
Throw: Tomahawk          |       |     1 ||     1
 Cast: Beastly Appendage |    15 |    17 ||    32
       Spider Form       |       |     4 ||     4
       Sticks to Snakes  |       |     3 ||     3
Invok: Curse Item        |       |     1 ||     1
  Use: Scroll            |       |     1 ||     1
       Potion            |       |     2 ||     2
 Stab: Sleeping          |     5 |    16 ||    21
  Eat: Chunk             |     1 |     7 ||     8
       Fruit             |       |     1 ||     1
Armor: Skin              |     6 |     6 ||    12
Dodge: Dodged            |    20 |    79 ||    99
Block: Buckler           |       |    13 ||    13
